 Dungeon Crawl Stone Soup version 0.30-a0-626-gd6a5dd7a1f (webtiles) character file.

Game seed: 3259922498813018718

58 kae the Insei (level 3, -2/26 HPs)
             Began as a Demonspawn Transmuter on Jan 11, 2023.
             Succumbed to an adder's poison
             ... on level 2 of the Dungeon.
             The game lasted 00:01:36 (1640 turns).

kae the Insei (Demonspawn Transmuter)               Turns: 1640, Time: 00:01:37

Health: -2/26      AC:  2    Str: 10    XL:     3   Next: 75%
Magic:  5/6        EV: 12    Int: 16    God:
Gold:   86         SH:  4    Dex: 13    Spells: 6/7 levels left

rFire   . . .      SeeInvis .      - Unarmed
rCold   . . .      Faith    .    (no shield)
rNeg    . . .      Spirit   .    a - +0 robe
rPois   .          Reflect  .    (helmet currently unavailable)
rElec   .          Harm     .    (no cloak)
rCorr   .          Rampage  .    (no gloves)
Will    .....                    (boots currently unavailable)
Stlth   +                        (no amulet)
HPRegen 0.24/turn                (no ring)
MPRegen 0.10/turn                (no ring)

@: lethally poisoned (-2 -> -12), appendages
A: horns 2, talons 2, condensation shield
a: End Transformation


You were on level 2 of the Dungeon.
You had temporarily grown beastly horns and talons.
You visited 1 branch of the dungeon, and saw 2 of its levels.

You collected 86 gold pieces.


Innate Abilities, Weirdness & Mutations

You have temporarily grown beastly horns and talons.
A meltable shield of frost defends you. (SH +4)


   Skills:
 - Level 1.0 Fighting
 - Level 1.7 Dodging
 + Level 3.1 Unarmed Combat
 + Level 2.5 Spellcasting
 * Level 3.0 Transmutations


You had 6 spell levels left.
You knew the following spells:

 Your Spells              Type           Power      Damage    Failure   Level
a - Beastly Appendage     Tmut           22%        N/A       6%          1

Your spell library contained the following spells:

 Spells                   Type           Power      Damage    Failure   Level
 Wereblood                Tmut           11%        N/A       9%          2
 Freeze                   Ice            8%         1d3       21%         1
 Spider Form              Tmut/Pois      6%         N/A       32%         3
 Frozen Ramparts          Ice            4%         1d1       52%         3
 Hailstorm                Conj/Ice       2%         3d3       52%         3
 Ice Form                 Ice/Tmut       6%         N/A       71%         4

Inventory:

Missiles
 f - 30 stones
Armour
 a - a +0 robe (worn)
Jewellery
 Y - a +4 ring of slaying
   (You found it on level 2 of the Dungeon)
Scrolls
 e - 3 scrolls of amnesia {unknown}
 g - a scroll of fear {unknown}
 i - 2 scrolls of teleportation {unknown}
 j - a scroll of blinking {unknown}
 k - a scroll of brand weapon {unknown}
Potions
 b - a potion of lignification {!q}
 c - 2 potions of curing {@q1}
 d - a potion of mutation {!q}
 h - a potion of attraction {!q}
 l - a potion of invisibility {unknown}
 m - a potion of ambrosia {unknown}

Dungeon Overview and Level Annotations

Branches:
Dungeon (2/15) Zot: 10365

Altars:
Yredelemnul

<.#.# #.#.#######
#.#.# #.#...# .#
#.#.# #.#.#.# .#
#.#.###.###.# .#
...>........# .#
#...#.#.#.#.# .#
....#.#.#.#.# .#
###.#.#.#.#.#####S#
....#.#.#.#.....@.#
###.#.#.#.#.#######
........#.#.#
###.#.#.#.#.#
#.#.###.###
#.#.......#
#.#####.#.# #.#
#.#.# ###.# #.#.#


You could see an adder.


Message History

You open the door.
There is an open door here.
You see here a hobgoblin skeleton.
You see here a +0 leather armour.
Key pressed, stopping explore.
An adder comes into view.
The adder hisses angrily.
The adder bites you but does no damage. 😎 MP[+1]
Your mp is fully restored (6).
An adder is nearby!
An adder is nearby!
An adder is nearby!
Casting: Beastly Appendage (safe; 6% risk of failure)
Confirm with . or Enter, or press ? or * to list all spells.
You miscast Beastly Appendage.
You are very lightly contaminated with residual magic.
Nothing appears to happen.
The adder bites you but does no damage. 😎 MP[-1]
You lost 1 mp, and now have 5/6 mp.
An adder is nearby!
You miss the adder. The adder bites you.
You are poisoned.
The adder poisons you!
You hit the adder.
You feel sick. The adder bites you.
You are more poisoned.
The adder poisons you! 😕 HP[-5]
You take 5 damage, and now have 21/26 hp.
You hit the adder but do no damage.
You feel sick. You block the adder's attack.
The adder bites you but does no damage. 😕 HP[-1]
You take 1 damage, and now have 20/26 hp.
Unknown command.
You barely miss the adder.
You feel sick. The adder barely misses you. 😮 HP[-2]
You take 2 damage, and now have 18/26 hp.
You barely miss the adder.
You feel sick. The adder barely misses you. 😮 HP[-2]
You take 2 damage, and now have 16/26 hp.
Unknown command.
You miss the adder.
You feel sick. The adder barely misses you. 😮 HP[-1]
You take 1 damage, and now have 15/26 hp.
You miss the adder.
You feel sick. The adder closely misses you. The adder misses you.
Your magical contamination has completely faded away. 😮 HP[-1]
You take 1 damage, and now have 14/26 hp.
You barely miss the adder.
You feel sick. The adder bites you but does no damage.
Unknown command.
You hit the adder.
You feel sick. The adder bites you.
* * * LOW HITPOINT WARNING * * *
😨 HP[-2]
You take 2 damage, and now have 12/26 hp.
Unknown command.
You completely miss the adder.
You feel sick. The adder bites you.
* * * LOW HITPOINT WARNING * * *
😨 HP[-3] MP[+1]
You take 3 damage, and now have 9/26 hp.
Your mp is fully restored (6).
You barely miss the adder.
You feel sick.
You are no longer poisoned.
The adder closely misses you. 😨 HP[-1]
You take 1 damage, and now have 8/26 hp.
Unknown command.
You hit the adder but do no damage. The adder barely misses you. 😨 HP[+1]
You hit the adder. The adder bites you.
* * * LOW HITPOINT WARNING * * *
You block the adder's attack. 😱 HP[-3]
You take 3 damage, and now have 6/26 hp.
Unknown command.
You hit the adder. The adder bites you.
* * * LOW HITPOINT WARNING * * *
😱 HP[-2]
You take 2 damage, and now have 4/26 hp.
You closely miss the adder. You block the adder's attack.
You closely miss the adder. The adder barely misses you.
Unknown command.
You hit the adder but do no damage. You block the adder's attack. 😱 HP[+1]
You miss the adder. Your punch misses the adder. The adder bites you.
* * * LOW HITPOINT WARNING * * *
You are lethally poisoned!
The adder poisons you!
The adder bites you but does no damage. 😱 HP[-1]
You take 1 damage, and now have 4/26 hp.
Casting: Beastly Appendage (safe; 6% risk of failure)
Confirm with . or Enter, or press ? or * to list all spells.
You grow a pair of large bovine horns.
Your feet morph into talons.
* * * LOW HITPOINT WARNING * * *
You feel sick. The adder bites you.
* * * LOW HITPOINT WARNING * * *
You are more poisoned.
The adder poisons you!
You die...

Skill      XL: |  1  2  3 |
---------------+----------+-----
Transmutations | 2 3 |  3.0
Unarmed Combat | 3 |  3.1
Fighting       | |  1.0
Dodging        | |  1.7
Spellcasting   | |  2.5

Action                   || total
-------------------------++-------
Melee: Unarmed           ||    84
       Kick              ||    12
       Headbutt          ||     8
       Punch             ||     1
 Cast: Beastly Appendage ||    18
  Use: Scroll            ||     3
Armor: Robe              ||    12
Dodge: Dodged            ||    29
Block: Other             ||    11

Levels and vault maps discovered:
D:1:      evilmike_arrival_fibonacci_small, layout_basic, st_stairs_13
D:2:      layout_basic, basic_altar

Notes
Turn   | Place    | Note
-------+----------+-------------------------------------------
     0 | D:1      | kae the Demonspawn Transmuter began the quest for the Orb.
     0 | D:1      | Reached XP level 1. HP: 15/15 MP: 3/3
     0 | D:1      | magus.rc [v1.11.3]
   238 | D:1      | Reached skill level 2 in Transmutations
   278 | D:1      | Gained mutation: A meltable shield of frost defends you.
                  | (SH +4) [demonic ancestry]
   278 | D:1      | Reached XP level 2. HP: 12/21 MP: 3/5
   332 | D:1      | You pick up a book of Frost and begin reading...
   332 | D:1      | You add the spells Freeze, Frozen Ramparts and Hailstorm to
                  | your library.
   903 | D:2      | Reached skill level 3 in Unarmed Combat
   903 | D:2      | Reached XP level 3. HP: 8/26 MP: 4/6
   903 | D:2      | HP: 6/26 [frozen (2)]
  1405 | D:2      | Reached skill level 3 in Transmutations
  1445 | D:2      | Found a basalt altar of Yredelemnul.
  1633 | D:2      | HP: 6/26 [adder (3)]
  1638 | D:2      | HP: 4/26 [adder (1)]
  1639 | D:2      | HP: 1/26 [adder (1)]
  1640 | D:2      | Succumbed to an adder's poison

Vanquished Creatures
  3 adders (D:2)
  A dart slug (D:2)
  A bat (D:1)
  4 endoplasms
  3 goblins (D:2)
  A hobgoblin (D:2)
  4 jackals (D:2)
  2 quokkas (D:1)
  4 ball pythons (D:1)
  3 frilled lizards (D:1)
  2 rats
28 creatures vanquished.

Table legend:
 A = Non-vault XP
 B = Vault XP
 C = Vault XP percentage of total XP
 D = Non-vault monster count
 E = Vault monster count
 F = Vault count percentage of total count
                 A         B        C        D         E       F
            +---------+---------+-------+---------+---------+-------
      Total |      81 |       2 |   2.4 |      27 |       1 |   3.6
            +---------+---------+-------+---------+---------+-------
        D:1 |      18 |       2 |  10.0 |      12 |       1 |   7.7
        D:2 |      63 |       0 |   0.0 |      15 |       0 |   0.0
            +---------+---------+-------+---------+---------+-------

Illustrated notes

Table legend:
 A = Kills in this place as a percentage of kills in entire the game.
 B = Kills by you in this place as a percentage of kills by you in the entire game.
 C = Kills by friends in this place as a percentage of kills by friends in the entire game.
 D = Other kills in this place as a percentage of other kills in the entire game.
 E = Experience gained in this place as a percentage of experience gained in the entire game.
 F = Experience gained in this place divided by the number of levels of this place that you have seen.
                   A       B       C       D       E      F
               +-------+-------+-------+-------+-------+----------------------
         Total | 100.0 | 100.0 |   N/A |   N/A | 100.0 |  41.5
       Dungeon | 100.0 | 100.0 |   N/A |   N/A | 100.0 |  41.5
               +-------+-------+-------+-------+-------+----------------------

Table legend: (Time is in decaauts)
 A = Elapsed time spent in this place.
 B = Non-inter-level travel time spent in this place.
 C = Inter-level travel time spent in this place.
 D = Time resting spent in this place.
 E = Time spent auto-exploring this place.
 F = Levels seen in this place.
 G = Mean time per level.
                   A        B        C        D        E       F      G
               +--------+--------+--------+--------+--------+-----+--------+
         Total |   1634 |   1631 |      3 |      0 |   1410 |   2 |  817.0 |
       Dungeon |   1634 |   1631 |      3 |      0 |   1410 |   2 |  817.0 |
               +--------+--------+--------+--------+--------+-----+--------+

Top non-repeatable levels by time:
     D:2: 818 daAuts
     D:1: 816 daAuts
